PCL
FRESNO GRIZZLIES @ LAS VEGAS 51S
07/21/2098
 
TOP OF THE 1ST
Fresno Grizzlies batting - Pitching for Las Vegas 51s : RHP Jared Savage
Pitching: RHP Jared Savage
Batting: RHB Bret Payne 0-0: Called Strike
0-1: Called Strike
0-2: Strikes out looking
Batting: RHB Del Bannerman 0-0: Called Strike
0-1: Foul Ball, location: 2F
0-2: Ground out 6-3 (Groundball, 6, EV 100.0 MPH)
Batting: SHB Aaron Bussell 0-0: SINGLE (Groundball, 6S, EV 70.6 MPH) (infield hit)
Batting: RHB Justin Haug 0-0: Ground out 5-3 (Groundball, 56S, EV 85.6 MPH)
Top of the 1st over - 0 runs, 1 hit, 0 errors, 1 left on base; Fresno 0 - Las Vegas 0
BOTTOM OF THE 1ST
Las Vegas 51s batting - Pitching for Fresno Grizzlies : RHP John Morseth
Pitching: RHP John Morseth
Batting: RHB Ken Lopez 0-0: Ball
1-0: SINGLE (Line Drive, 4D, EV 95.0 MPH)
Batting: RHB Joseph Burgess 0-0: Ball
1-0: Grounds into double play, 6-4-3 (Groundball, 6, EV 88.1 MPH)
Batting: RHB Jeremy Brant 0-0: Ball
1-0: SINGLE (Flyball, 4D, EV 92.5 MPH)
Batting: RHB Yutaka Higashi 0-0: Ball
1-0: Called Strike
1-1: Called Strike
1-2: Ball
2-2: SINGLE (Groundball, 3D, EV 96.9 MPH)
Jeremy Brant to second
Runner from 2nd tries for 3rd, SAFE, no throw by RF
Batting: RHB Omar Munoz 0-0: Foul Ball, location: 2F
0-1: Called Strike
0-2: Foul Ball, location: 9LSF
0-2: Foul Ball, location: 2F
0-2: SINGLE (Line Drive, 8LS, EV 99.4 MPH)
Jeremy Brant scores
Yutaka Higashi to second
Runner from 2nd tries for 3rd, SAFE, no throw by CF
Batting: SHB Jose Chavarria 0-0: Fly out, F3 (Popup, 3SF, EV 83.1 MPH)
Bottom of the 1st over - 1 run, 4 hits, 0 errors, 2 left on base; Fresno 0 - Las Vegas 1
TOP OF THE 2ND
Fresno Grizzlies batting - Pitching for Las Vegas 51s : RHP Jared Savage
Batting: LHB Mike Palmer 0-0: Ball
1-0: Swinging Strike
1-1: Ball
2-1: DOUBLE (Flyball, 8RXD, EV 94.4 MPH)
Batting: RHB Steve Bracken 0-0: Ball
1-0: Foul Ball, location: 2F
1-1: Ball
2-1: Ground out 6-3 (Groundball, 6, EV 85.6 MPH)
Batting: RHB Dan Shannon 0-0: SINGLE (Flyball, 8RS, EV 92.5 MPH)
Mike Palmer to third
Runner from 3rd tries for Home, SAFE, throw by CF to home
Batting: RHB Chase Bavaro 0-0: Ball
1-0: Foul Ball, location: 23F
1-1: Ball
2-1: Fly out, F7 (Flyball, 7LS, EV 91.9 MPH)
Batting: RHB Michael Harrison 0-0: Swinging Strike
0-1: Swinging Strike
0-2: Ball
1-2: Foul Ball, location: 25FF
1-2: Strikes out looking
Top of the 2nd over - 1 run, 2 hits, 0 errors, 1 left on base; Fresno 1 - Las Vegas 1
BOTTOM OF THE 2ND
Las Vegas 51s batting - Pitching for Fresno Grizzlies : RHP John Morseth
Batting: RHB Mark Lamb 0-0: Swinging Strike
0-1: Ball
1-1: Ground out 6-3 (Groundball, 6, EV 78.8 MPH)
Batting: SHB Tom Garrison 0-0: DOUBLE (Flyball, 89D, EV 90.6 MPH)
Batting: RHB Gil Cruz 0-0: Ball
1-0: Ball
2-0: Ground out 1-3 (Groundball, 13S, EV 77.5 MPH)
Batting: RHB Ken Lopez 0-0: Ball
1-0: Called Strike
1-1: Swinging Strike
1-2: Ball
2-2: Strikes out swinging
Bottom of the 2nd over - 0 runs, 1 hit, 0 errors, 1 left on base; Fresno 1 - Las Vegas 1
TOP OF THE 3RD
Fresno Grizzlies batting - Pitching for Las Vegas 51s : RHP Jared Savage
Batting: RHB Bret Payne 0-0: Fly out, F4 (Popup, 34D, EV 65.0 MPH)
Batting: RHB Del Bannerman 0-0: Fly out, F9 (Line Drive, 89S, EV 100.6 MPH)
Batting: SHB Aaron Bussell 0-0: Fly out, F7 (Line Drive, 78S, EV 100.6 MPH)
Top of the 3rd over - 0 runs, 0 hits, 0 errors, 0 left on base; Fresno 1 - Las Vegas 1
BOTTOM OF THE 3RD
Las Vegas 51s batting - Pitching for Fresno Grizzlies : RHP John Morseth
Batting: RHB Joseph Burgess 0-0: Called Strike
0-1: Called Strike
0-2: Ball
1-2: Ball
2-2: Ground out 6-3 (Groundball, 56, EV 102.5 MPH)
Batting: RHB Jeremy Brant 0-0: Foul Ball, location: 9LMF
0-1: Foul Ball, location: 3FF
0-2: Hit by Pitch
Batting: RHB Yutaka Higashi 0-0: Ball
Wild Pitch!
Jeremy Brant to second
1-0: Foul Ball, location: 2F
1-1: Swinging Strike
1-2: Strikes out swinging
Batting: RHB Omar Munoz Balk!
Jeremy Brant to third
0-0: Foul Ball, location: 2F
0-1: Fly out, F8 (Line Drive, 89D, EV 91.9 MPH)
Bottom of the 3rd over - 0 runs, 0 hits, 0 errors, 1 left on base; Fresno 1 - Las Vegas 1
TOP OF THE 4TH
Fresno Grizzlies batting - Pitching for Las Vegas 51s : RHP Jared Savage
Batting: RHB Justin Haug 0-0: Ball
1-0: Foul Ball, location: 5DF
1-1: Swinging Strike
1-2: Strikes out swinging
Batting: LHB Mike Palmer 0-0: Called Strike
0-1: Ball
1-1: Foul Ball, location: 3FF
1-2: Ball
2-2: Ball
3-2: Strikes out swinging
Batting: RHB Steve Bracken 0-0: Called Strike
0-1: Foul Ball, location: 2F
0-2: Ball
1-2: Strikes out looking
Top of the 4th over - 0 runs, 0 hits, 0 errors, 0 left on base; Fresno 1 - Las Vegas 1
BOTTOM OF THE 4TH
Las Vegas 51s batting - Pitching for Fresno Grizzlies : RHP John Morseth
Batting: SHB Jose Chavarria 0-0: Called Strike
0-1: Called Strike
0-2: Ball
1-2: Ball
2-2: Foul Ball, location: 2F
2-2: Ball
3-2: Ground out U3 (Groundball, 3, EV 91.3 MPH)
Batting: RHB Mark Lamb 0-0: Ball
1-0: Called Strike
1-1: Ball
2-1: Swinging Strike
2-2: Ground out 4-3 (Groundball, 4, EV 86.3 MPH)
Batting: SHB Tom Garrison 0-0: Foul Ball, location: 2F
0-1: SINGLE (Line Drive, 3D, EV 100.0 MPH)
Batting: RHB Gil Cruz 0-0: Foul Ball, location: 2LF
0-1: Ball
1-1: SINGLE (Line Drive, 78S, EV 98.8 MPH)
Tom Garrison to second
Batting: RHB Ken Lopez 0-0: Fly out, F8 (Flyball, 8LD, EV 100.6 MPH)
Bottom of the 4th over - 0 runs, 2 hits, 0 errors, 2 left on base; Fresno 1 - Las Vegas 1
TOP OF THE 5TH
Fresno Grizzlies batting - Pitching for Las Vegas 51s : RHP Jared Savage
Batting: RHB Dan Shannon 0-0: Called Strike
0-1: Swinging Strike
0-2: Ball
1-2: Strikes out swinging
Batting: RHB Chase Bavaro 0-0: Ball
1-0: Foul Ball, location: 25F
1-1: Ball
2-1: Ground out 5-3 (Groundball, 56, EV 83.1 MPH)
Batting: RHB Michael Harrison 0-0: Called Strike
0-1: Ball
1-1: Foul Ball, location: 5FF
1-2: Foul Ball, location: 7LDF
1-2: Fly out, F9 (Flyball, 89S, EV 93.1 MPH)
Top of the 5th over - 0 runs, 0 hits, 0 errors, 0 left on base; Fresno 1 - Las Vegas 1
BOTTOM OF THE 5TH
Las Vegas 51s batting - Pitching for Fresno Grizzlies : RHP John Morseth
Batting: RHB Joseph Burgess 0-0: Ball
1-0: SINGLE (Line Drive, 89M, EV 102.5 MPH)
Batting: RHB Jeremy Brant 0-0: Fly out, F2 (Popup, 2LF, EV 94.4 MPH)
Batting: RHB Yutaka Higashi 0-0: Ball
1-0: Ball
2-0: Ball
3-0: Base on Balls
Joseph Burgess to second
Batting: RHB Omar Munoz 0-0: Ball
1-0: Ball
2-0: Foul Ball, location: 5FF
2-1: Foul Ball, location: 25FF
2-2: Fly out, F7 (Line Drive, 7, EV 92.5 MPH)
Batting: SHB Jose Chavarria 0-0: Ball
1-0: Fly out, F8 (Flyball, 8LD, EV 81.3 MPH)
Bottom of the 5th over - 0 runs, 1 hit, 0 errors, 2 left on base; Fresno 1 - Las Vegas 1
TOP OF THE 6TH
Fresno Grizzlies batting - Pitching for Las Vegas 51s : RHP Jared Savage
Batting: RHB Bret Payne 0-0: Ball
1-0: SINGLE (Line Drive, 56D, EV 71.9 MPH)
Batting: RHB Del Bannerman 0-0: Fly out, F9 (Flyball, 9D, EV 88.8 MPH)
Batting: SHB Aaron Bussell 0-0: Called Strike
0-1: Ball
1-1: Foul Ball, location: 2F
1-2: Foul Ball, location: 23F
1-2: Ball
2-2: Foul Ball, location: 2F
2-2: Fly out, F9 (Flyball, 9D, EV 104.4 MPH)
Batting: RHB Justin Haug 0-0: Called Strike
0-1: Ball
1-1: Ball
2-1: Ball
3-1: Called Strike
3-2: Foul Ball, location: 3DF
3-2: Strikes out swinging
Top of the 6th over - 0 runs, 1 hit, 0 errors, 1 left on base; Fresno 1 - Las Vegas 1
BOTTOM OF THE 6TH
Las Vegas 51s batting - Pitching for Fresno Grizzlies : RHP John Morseth
Batting: RHB Mark Lamb 0-0: Ball
1-0: SOLO HOME RUN (Flyball, 9D, EV 93.8 MPH), Distance : 375 ft
Batting: SHB Tom Garrison 0-0: Ball
1-0: Ground out 6-3 (Groundball, 6, EV 86.3 MPH)
Batting: RHB Gil Cruz 0-0: Ball
1-0: Ball
2-0: Ground out 5-3 (Groundball, 56S, EV 65.0 MPH)
Batting: RHB Ken Lopez 0-0: Called Strike
0-1: Ball
1-1: Called Strike
1-2: Ball
2-2: Strikes out swinging
Bottom of the 6th over - 1 run, 1 hit, 0 errors, 0 left on base; Fresno 1 - Las Vegas 2
TOP OF THE 7TH
Fresno Grizzlies batting - Pitching for Las Vegas 51s : RHP Jared Savage
Batting: LHB Mike Palmer 0-0: Called Strike
0-1: SINGLE (Groundball, 6MD, EV 99.4 MPH)
Pitching: LHP Justin Henning
Batting: RHB Steve Bracken 0-0: Ball
1-0: Called Strike
1-1: Fly out, F9 (Flyball, 9D, EV 104.4 MPH)
Batting: RHB Dan Shannon 0-0: Ball
1-0: Swinging Strike
1-1: Ball
2-1: Foul Ball, location: 5SF
2-2: Fly out, F8 (Flyball, 8RD, EV 101.3 MPH)
Batting: RHB Chase Bavaro 0-0: Ball
1-0: Foul Ball, location: 9LMF
1-1: Called Strike
1-2: Strikes out swinging
Top of the 7th over - 0 runs, 1 hit, 0 errors, 1 left on base; Fresno 1 - Las Vegas 2
BOTTOM OF THE 7TH
Las Vegas 51s batting - Pitching for Fresno Grizzlies : RHP John Morseth
Batting: RHB Joseph Burgess 0-0: Ball
1-0: Called Strike
1-1: Swinging Strike
1-2: Ball
2-2: SINGLE (Line Drive, 4D, EV 96.9 MPH)
Batting: RHB Jeremy Brant 0-0: Called Strike
0-1: Ball
1-1: Foul Ball, location: 9LSF
1-2: Strikes out looking
Batting: RHB Yutaka Higashi 0-0: Foul Ball, location: 2F
0-1: Called Strike
0-2: Ball
1-2: Ball
2-2: Foul Ball, location: 5SF
2-2: Foul Ball, location: 5FF
2-2: 2-RUN HOME RUN (Flyball, 78XD, EV 100.0 MPH), Distance : 407 ft
Batting: RHB Omar Munoz 0-0: Called Strike
0-1: Ball
1-1: Ball
2-1: Foul Ball, location: 9LSF
2-2: Ball
3-2: Base on Balls
Batting: SHB Jose Chavarria 0-0: Foul Ball, location: 2F
0-1: Ball
1-1: Grounds into double play, 4-6-3 (Groundball, 34, EV 88.1 MPH)
Bottom of the 7th over - 2 runs, 2 hits, 0 errors, 0 left on base; Fresno 1 - Las Vegas 4
TOP OF THE 8TH
Fresno Grizzlies batting - Pitching for Las Vegas 51s : LHP Justin Henning
Batting: RHB Michael Harrison 0-0: Swinging Strike
0-1: Ball
1-1: Ground out 6-3 (Groundball, 56, EV 81.9 MPH)
Batting: RHB Bret Payne 0-0: Foul Ball, location: 2F
0-1: Hit by Pitch
Batting: RHB Del Bannerman 0-0: Ball
1-0: Fielders Choice at 2nd, 4-6 (Groundball, 4, EV 83.1 MPH)
Batting: SHB Aaron Bussell 0-0: Called Strike
0-1: Swinging Strike
0-2: Ball
1-2: Ball
2-2: Fly out, F6 (Line Drive, 6M, EV 96.3 MPH)
Top of the 8th over - 0 runs, 0 hits, 0 errors, 1 left on base; Fresno 1 - Las Vegas 4
BOTTOM OF THE 8TH
Las Vegas 51s batting - Pitching for Fresno Grizzlies : RHP John Morseth
Pitching: RHP Jon Daugherty
Batting: RHB Mark Lamb 0-0: Called Strike
0-1: Ball
1-1: Ball
2-1: Ball
3-1: Called Strike
3-2: Base on Balls
Batting: SHB Tom Garrison 0-0: Ball
Mark Lamb steals 2nd base
1-0: Called Strike
1-1: Ground out 4-3 (Groundball, 4, EV 101.3 MPH)
Mark Lamb to third
Batting: RHB Gil Cruz 0-0: Called Strike
0-1: Foul Ball, location: 9LMF
0-2: Ground out 6-3 (Groundball, 6, EV 105.0 MPH)
Batting: RHB Ken Lopez 0-0: Ball
1-0: Ball
2-0: Called Strike
2-1: Fly out, F2 (Popup, 23F, EV 91.3 MPH)
Bottom of the 8th over - 0 runs, 0 hits, 0 errors, 1 left on base; Fresno 1 - Las Vegas 4
TOP OF THE 9TH
Fresno Grizzlies batting - Pitching for Las Vegas 51s : LHP Justin Henning
Batting: RHB Justin Haug 0-0: Swinging Strike
0-1: SINGLE (Line Drive, 7S, EV 90.6 MPH)
Batting: LHB Mike Palmer 0-0: Ball
1-0: Ball
2-0: SINGLE (Groundball, P, EV 88.1 MPH) (infield hit)
Justin Haug to second
Batting: RHB Steve Bracken 0-0: Ball
1-0: Called Strike
1-1: Swinging Strike
1-2: Ball
2-2: Fly out, F7 (Flyball, 7, EV 87.5 MPH)
Batting: RHB Dan Shannon 0-0: Ball
1-0: Foul Ball, location: 9LMF
1-1: Ball
2-1: Ball
3-1: Called Strike
3-2: Base on Balls
Justin Haug to third
Mike Palmer to second
Batting: RHB Chase Bavaro 0-0: Swinging Strike
0-1: Foul Ball, location: 2F
0-2: Ball
1-2: Strikes out swinging
Pinch Hitting: LHB Dan Brockman 0-0: Ball
1-0: Foul Ball, location: 7LDF
1-1: Ball
2-1: Ground out 4-3 (Groundball, 4, EV 81.9 MPH)
Top of the 9th over - 0 runs, 2 hits, 0 errors, 3 left on base; Fresno 1 - Las Vegas 4
Wednesday, April 10th , 2024 - OOTP Baseball 24.11 Build 85